[Event "Grandiscacchi GM Festival 2022"]
[Site "Montebelluna"]
[Date "2022.05.18"]
[Round "6.2"]
[White "Safarli, Eltaj"]
[Black "Martinovici, Ilia"]
[Result "1/2-1/2"]
[ECO "B45"]
[WhiteElo "2600"]
[BlackElo "2408"]
[Annotator "TA"]
[PlyCount "70"]
[EventDate "2022.05.17"]
[EventType "swiss"]
[EventCountry "ITA"]
[SourceTitle "playchess.com"]
[Source "ChessBase"]
[SourceQuality "1"]
[TimeControl "40/3600+30:1800+30"]

1. e4 c5 2. Nf3 e6 3. Nc3 Nc6 4. d4 cxd4 5. Nxd4 Nf6 6. Qd3 {[%emt 0:01:47] B45: Sicilian Four Knights.} Qc7 7. Ndb5 Qb8 8. Qg3 {[%emt 0:00:06] Black must now prevent Nc7+.} d6 $1 {[%emt 0:03:35] Hoping for ...a6.} 9. Be3 a6 10. Nd4 Bd7 11. Bd3 h5 12. f3 b5 {[%emt 0:05:53][%cal Bb7b5,Bb5b4][%mdl 32] [#]} 13. Nxc6 $146 ({Predecessor:} 13. O-O-O Ne5 14. Kb1 b4 15. Nce2 a5 16. f4 h4 17. Qe1 Nxd3 18. cxd3 h3 19. gxh3 Rxh3 {½-½ (36) Rios,C (2464)-Sanchez,S (2431) Fusagasuga 2020}) 13... Bxc6 14. a4 b4 15. Ne2 e5 16. Bg5 Be7 17. Qh4 (17. O-O {is interesting.} a5 18. Bc4 Qd8 19. Qf2) 17... Qd8 18. O-O Nd7 19. Bxe7 Qxe7 20. Qe1 d5 21. exd5 Bxd5 22. Ng3 g6 23. Rd1 {[%emt 0:01:34][%cal Od3g6] Threatens to win with Bxg6!} Bc6 24. Be4 (24. b3 $14) 24... Rc8 $1 $11 25. Bxc6 Rxc6 26. Qd2 Nf6 {[%emt 0:01:58] Inhibits Qd5.} 27. Rfe1 {[%emt 0:01:41][%cal Oe1e5] aiming for Rxe5!} O-O 28. Qg5 (28. h3 $11 {remains equal.}) 28... Rxc2 $17 29. Rxe5 Qa7+ 30. Kh1 {[%emt 0:00:00] [#]} Qf2 $1 31. Rg1 $15 Nh7 32. Qe7 Rxb2 {[%emt 0:00:00] And now ...Qd4 would win.} 33. Nxh5 {[%emt 0:00:00] [#]} gxh5 ({Better is} 33... b3 $1 $17 {...Rc2 is the strong threat.} 34. Nf4 Rc2) 34. Rg5+ $1 $11 Nxg5 35. Qxg5+ Kh7 {[%emt 0:00:00] Weighted Error Value: White=0.22 (precise) /Black=0.20 (precise)} 1/2-1/2

[Event "Grandiscacchi GM Festival 2022"]
[Site "Montebelluna"]
[Date "2022.05.18"]
[Round "6.3"]
[White "Kalogridis, Antonios"]
[Black "Siddharth, Jagadeesh"]
[Result "0-1"]
[ECO "A43"]
[WhiteElo "2306"]
[BlackElo "2393"]
[Annotator "TA"]
[PlyCount "74"]
[EventDate "2022.05.17"]
[EventType "swiss"]
[EventCountry "ITA"]
[SourceTitle "playchess.com"]
[Source "ChessBase"]
[SourceQuality "1"]
[TimeControl "40/3600+30:1800+30"]

1. d4 g6 2. c4 Bg7 3. e4 d6 4. Nc3 c5 5. d5 Bxc3+ 6. bxc3 e5 $1 {[%emt 0:00:10][%mdl 4] is now more promising than 6...Qa5. A43: Schmid Benoni.} 7. Bd3 Nd7 8. Ne2 {[%emt 0:02:26] [#]} h5 $146 {[%emt 0:00:34] White is better.} ({Predecessor:} 8... Qe7 9. a4 a5 10. h4 h6 11. f3 Kd8 12. Be3 Nb6 13. Qb3 Ra6 14. g4 Bd7 {0-1 (65) Muradli,M (2523)-Ilyasli,U (2310) Nakhchivan 2022}) 9. O-O (9. h4 $16) 9... h4 $14 10. f4 exf4 11. Bxf4 Qe7 {[%emt 0:00:50] [#]} (11... Ne5 $14) 12. Nd4 $1 $16 cxd4 13. cxd4 f6 (13... h3 $16 {was called for.}) 14. e5 $2 ({Only move:} 14. c5 $1 $18) 14... fxe5 15. Bxg6+ Kd8 16. dxe5 dxe5 (16... Nxe5 $2 17. Qd2 $1 Nf6 18. Bxe5 dxe5 19. d6 $18) 17. Be3 {[%emt 0:01:48] aiming for Rf7. This bishop pair is nice.} Qd6 {[%emt 0:04:48] [#]} (17... Ngf6 $11) 18. Qc2 $1 {[%emt 0:02:27][%mdl 1024] Strongly threatening c5. White has strong compensation.} b6 {[%emt 0:03:00] Against c5} 19. Rf7 {[%emt 0:00:48] Hoping for Raf1.} Nh6 20. Rg7 (20. c5 $16 bxc5 21. Bg5+ Kc7 22. Rg7) 20... Qf6 $11 {[%emt 0:02:30] [#]} 21. Qa4 $2 Qxg7 22. Bg5+ Nf6 (22... Kc7 23. Qc6+ Kb8 24. d6 $16) 23. Qc6 {[%emt 0:00:33] [#]} Nhg4 $1 24. Rf1 {[%emt 0:01:49] [#]} Qxg6 $1 25. Bxf6+ Nxf6 26. Rxf6 Qb1+ 27. Kf2 (27. Rf1 $142 Qh7 28. Qxa8) 27... Qxa2+ 28. Kg1 Qa1+ 29. Rf1 Qd4+ 30. Kh1 Qc5 31. Qf6+ Qe7 32. Qxh8+ Kc7 33. Rf8 h3 34. Re8 (34. gxh3 $142 Bg4 35. d6+ (35. Rxa8 {leads to mate.} Bf3+ 36. Kg1 Qg5+ 37. Kf2 Qg2+ 38. Ke3 Qe2#) 35... Kxd6 36. Rf6+ (36. Qh6+ $2 Kc7 $19) 36... Kc7 37. Qxa8 Qxf6 38. Qxa7+ Kd8 39. Qa8+ Bc8 40. Kg1) 34... Qg5 $19 35. gxh3 {[%emt 0:00:00] [#]} Bxh3 $1 36. Qh7+ (36. Re7+ Kd6) 36... Kd6 37. c5+ bxc5 {[%emt 0:00:00] Weighted Error Value: White=0.70/Black=0.49} 0-1

[Event "Grandiscacchi GM Festival 2022"]
[Site "Montebelluna"]
[Date "2022.05.18"]
[Round "6.4"]
[White "Shahil Dey"]
[Black "Rozen, Eytan"]
[Result "0-1"]
[ECO "B19"]
[WhiteElo "2369"]
[BlackElo "2425"]
[Annotator "TA"]
[PlyCount "112"]
[EventDate "2022.05.17"]
[EventType "swiss"]
[EventCountry "ITA"]
[SourceTitle "playchess.com"]
[Source "ChessBase"]
[SourceQuality "1"]
[TimeControl "40/3600+30:1800+30"]

1. e4 c6 2. d4 d5 3. Nd2 dxe4 4. Nxe4 Bf5 5. Ng3 Bg6 6. h4 h6 7. Nf3 Nd7 8. h5 Bh7 9. Bd3 Bxd3 10. Qxd3 e6 11. Bd2 Ngf6 12. O-O-O Be7 13. Kb1 O-O 14. Ne4 Nxe4 {[%emt 0:00:06] B19: Classical Caro-Kann: 4...Bf5 main line.} 15. Qxe4 Nf6 16. Qe2 Qd5 {[%emt 0:00:05] White has an edge.} 17. Be3 Rad8 (17... Nxh5 18. g4 Nf6 19. g5 $16) 18. Ka1 {[%emt 0:10:29] [#]} b5 $146 ({Much less strong is} 18... Nxh5 19. g4 Nf6 20. g5 hxg5 21. Bxg5 $16) ({Predecessor:} 18... Ng4 19. Bc1 Nf6 20. c3 c5 21. Rde1 cxd4 22. Nxd4 Bc5 23. Be3 Rfe8 24. g4 e5 {½-½ (43) Khramov,A (2149)-Ponomarev,V (1984) St Petersburg 2021}) 19. Ne5 Nd7 ({But not} 19... Qxg2 20. Rhg1 Qe4 21. f3 $16) 20. f4 Nxe5 21. dxe5 Qe4 {[%emt 0:00:26][%cal Oe7c5] Threatens to win with ...Bc5!} 22. Qf2 Rd5 23. Rxd5 Qxd5 24. Qd2 Qe4 25. Rc1 (25. Kb1 $11) 25... Rd8 $17 26. Qf2 a5 27. Bb6 Rd5 28. g3 a4 $40 {[%emt 0:03:33][%mdl 128] Black is out for blood.} 29. Qe3 {[%emt 0:06:37] Against a3} Qxe3 30. Bxe3 {[%emt 0:00:00][%mdl 4096] Endgame KRB-KRB} f6 $1 31. exf6 Bxf6 32. Rh1 {[%emt 0:00:00] [#]} a3 $1 33. Bc1 Rd4 {[%emt 0:00:00] Black is more active.} 34. Rf1 e5 35. Rg1 $2 {[%emt 0:00:00] Now White is beyond hope.} (35. fxe5 $17 {keeps fighting.} Bxe5 36. Kb1) 35... exf4 $19 36. gxf4 Rb4 37. c3 axb2+ 38. Bxb2 Rxf4 39. Rh1 Rc4 40. Kb1 Kf7 ({Weaker is} 40... Bxc3 41. Rc1 b4 42. Bxc3 bxc3 43. Kc2 $19) 41. Kc2 Ke6 42. Kb3 Kf5 43. Rg1 Rh4 44. Rd1 Rxh5 45. Rd6 c5 {[%emt 0:00:41] Strongly threatening ...c4+.} 46. Rb6 Kg4 47. Rxb5 {[%emt 0:00:15] [#]} c4+ $1 48. Kxc4 Rxb5 49. Kxb5 {[%emt 0:00:06] KB-KB} h5 50. Ba3 Be5 51. Bc5 h4 {[%emt 0:00:11] ( -> ...Kg3)} 52. a4 h3 {[%emt 0:00:24] Black mates.} 53. Bg1 Bxc3 54. Bh2 g5 55. Kc4 Be1 56. Kd3 Kf3 {[%emt 0:00:28] Weighted Error Value: White=0.44/Black=0.02 (flawless)} 0-1

[Event "Grandiscacchi GM Festival 2022"]
[Site "Montebelluna"]
[Date "2022.05.18"]
[Round "6.5"]
[White "Ojas Kulkarni"]
[Black "Fishchuk, Vladyslav"]
[Result "1/2-1/2"]
[ECO "A20"]
[WhiteElo "2235"]
[BlackElo "2102"]
[Annotator "TA"]
[PlyCount "64"]
[EventDate "2022.05.17"]
[EventType "swiss"]
[EventCountry "ITA"]
[SourceTitle "playchess.com"]
[Source "ChessBase"]
[SourceQuality "1"]
[TimeControl "40/3600+30:1800+30"]

1. c4 e5 2. g3 c6 3. d4 e4 4. Nc3 d5 5. Bg2 Bb4 6. Qb3 {[%emt 0:00:23] A20: English Opening: 1...e5.} a5 7. cxd5 cxd5 8. a3 (8. Nh3 {keeps more tension.} Nc6 9. O-O Nxd4 10. Qxd5 Nxe2+ 11. Kh1) 8... Bxc3+ 9. Qxc3 Nc6 {[%emt 0:00:21] [#]} 10. f3 $146 ({Predecessor:} 10. Nh3 Qb6 11. Be3 Nf6 12. O-O O-O 13. f3 Re8 14. Nf2 Bf5 15. g4 Bg6 16. g5 exf3 17. exf3 {1-0 (45) Jere,D (2371)-Shlyakhtenko,R (2361) New York 2021}) 10... f5 11. Nh3 Qb6 12. e3 Nf6 13. O-O O-O 14. Bd2 a4 15. Rac1 Bd7 16. Nf2 (16. fxe4 $11 fxe4 17. Nf4) 16... Rfc8 $15 17. Rfe1 exf3 18. Bxf3 {[%emt 0:00:29] [#]} Ne5 $1 19. dxe5 Rxc3 20. Bxc3 {[%emt 0:00:04] A strong pair of Bishops.} Ne4 21. Bd4 Qg6 (21... Qd8 $15) 22. Nxe4 (22. Rc7 $11 Qe8 23. Nd3) 22... fxe4 23. Bg2 (23. Be2 $15) 23... Bc6 ({Black should try} 23... Be6 $17 24. Rc7 h5) 24. Rf1 Bb5 ({Black should play} 24... Qe6 $17) 25. Rf4 $11 Bc4 26. Bxe4 {[%emt 0:01:05] The position is equal.} dxe4 27. Rxc4 {[%emt 0:00:03][%cal Oe5e6] [#] Black must now prevent e6!} Qe6 28. Rc7 Rc8 29. Rff7 Rxc7 30. Rxc7 b5 31. Rc5 Qb3 32. e6 Qd1+ {[%emt 0:00:00] Weighted Error Value: White=0.17 (very precise) /Black=0.18 (very precise)} 1/2-1/2

[Event "Grandiscacchi GM Festival 2022"]
[Site "Montebelluna"]
[Date "2022.05.19"]
[Round "7.1"]
[White "Jobava, Baadur"]
[Black "Pantsulaia, Levan"]
[Result "1/2-1/2"]
[ECO "D14"]
[WhiteElo "2600"]
[BlackElo "2587"]
[Annotator "TA"]
[PlyCount "23"]
[EventDate "2022.05.17"]
[EventType "swiss"]
[EventCountry "ITA"]
[SourceTitle "playchess.com"]
[Source "ChessBase"]
[SourceQuality "1"]
[TimeControl "40/3600+30:1800+30"]

1. d4 d5 2. c4 c6 3. cxd5 cxd5 4. Nc3 Nf6 5. Nf3 Nc6 6. Bf4 Bf5 7. e3 e6 8. Bd3 Bxd3 9. Qxd3 Bd6 10. Bxd6 Qxd6 11. O-O {[%emt 0:00:04] [#]} {Predecessor:} O-O $146 {D14: Slav Defence: Exchange variation with ...Bf5.} 12. Rfc1 {½-½ (12) Korobov,A (2699)-Bernadskiy,V (2589) Cattolica 2022} 1/2-1/2

[Event "Grandiscacchi GM Festival 2022"]
[Site "Montebelluna"]
[Date "2022.05.19"]
[Round "7.2"]
[White "Safarli, Eltaj"]
[Black "Loiseau, Quentin"]
[Result "1-0"]
[ECO "C67"]
[WhiteElo "2600"]
[BlackElo "2445"]
[Annotator "TA"]
[PlyCount "155"]
[EventDate "2022.05.17"]
[EventType "swiss"]
[EventCountry "ITA"]
[SourceTitle "playchess.com"]
[Source "ChessBase"]
[SourceQuality "1"]
[TimeControl "40/3600+30:1800+30"]

1. e4 e5 2. Nf3 Nc6 3. Bb5 Nf6 4. O-O Nxe4 5. Re1 Nd6 6. Nxe5 Be7 7. Bf1 Nxe5 8. Rxe5 O-O 9. d4 Bf6 10. Re1 Nf5 {[%emt 0:01:32] C67: Ruy Lopez: Berlin Defence: 4 0-0 Nxe4.} 11. d5 d6 12. Nd2 Bg5 {[%emt 0:06:34] White is slightly better.} 13. Ne4 Bxc1 14. Rxc1 Bd7 15. g3 Re8 16. Qd2 Ne7 17. c4 {[%emt 0:02:17] [#]} Bf5 $146 ({Predecessor:} 17... Ng6 18. f4 b6 19. Re3 Nf8 20. Rce1 h6 21. Bd3 Nh7 22. Qc3 Nf6 23. Nxf6+ Qxf6 24. Qxf6 gxf6 25. Rxe8+ Rxe8 26. Rxe8+ Bxe8 {½-½ (59) Kasimdzhanov,R (2684)-Dominguez Perez,L (2725) London 2012}) 18. Bg2 Ng6 19. f4 Bxe4 20. Bxe4 Qf6 21. Bg2 Kf8 22. b4 Rxe1+ 23. Rxe1 b6 24. c5 bxc5 25. bxc5 Ne7 26. Qa5 Rc8 27. Qxa7 Qd4+ 28. Kh1 Nxd5 ({Better is} 28... g6 $11) 29. Qb7 $14 Ne7 30. cxd6 Qxd6 31. a4 {[%emt 0:00:00] And now a5 would win.} Qa3 (31... Qd2 $11 {keeps the balance.} 32. Qe4 Nd5) 32. Qe4 {[%emt 0:00:00] White is much more active.} (32. Bh3 $1 $16 Rd8 33. Qxc7) 32... c6 $11 33. Qe5 $36 {[%emt 0:00:00][%mdl 2048] Black is under pressure.} Ra8 {[%emt 0:00:00] Against a5} 34. Ra1 Qb4 35. a5 f6 36. Qh5 (36. Qe4 {keeps more tension.} Rxa5 37. Qxb4 Rxa1+ 38. Bf1) 36... f5 $2 {[%emt 0:00:00] White stays focused until the end.} (36... Qd4 $1 $11 37. Re1 Qd2) 37. Qd1 $1 $16 ({Inferior is} 37. Qxh7 Rxa5 38. Rf1 Qc3 $11) 37... Nd5 $2 (37... Ra7 $16 38. a6 Qb5) 38. Bxd5 $18 cxd5 39. Qxd5 {[%emt 0:00:04][%mdl 4096] Endgame KQR-KQR} Re8 40. Qxf5+ Kg8 41. Qd5+ Kf8 42. Rd1 Re1+ (42... Qc3 $142 43. Kg2 Qc2+ 44. Kh3 Qc8+ 45. f5 Re7) 43. Rxe1 Qxe1+ {[%emt 0:00:21] KQ-KQ} 44. Kg2 Qe2+ 45. Kh3 h6 46. Qe5 Qf3 47. Kh4 Qf2 48. h3 (48. Qd6+ $142 Kg8 49. h3) 48... Qa2 49. Qb8+ $2 (49. Qd6+ Kf7 50. Qc7+ Kg8 51. Qb6) 49... Kf7 50. Qb7+ Kg6 $2 (50... Kg8 51. Qb6 (51. a6 Qe6 $16) 51... Qe2 52. Qd8+ Kh7) 51. a6 Qe6 52. Qb1+ $1 (52. a7 Qf6+ 53. Kg4 Qf5+ 54. Kf3 Qd3+ 55. Kg2 Qe2+ 56. Kh1 Qe1+ 57. Kh2 Qf2+ 58. Kh1 Qf1+ 59. Kh2 Qf2+ 60. Qg2 (60. Kh1 Qe1+ 61. Kh2 Qf2+ $16) 60... Qxa7 $16) 52... Kf7 53. Qd3 {[%emt 0:03:17] Strongly threatening f5.} ({Weaker is} 53. Qb7+ Kg8 54. Qb8+ (54. a7 Qf6+ 55. Kg4 Qg6+ 56. Kf3 Qd3+ 57. Kg2 Qe2+ 58. Kh1 Qe1+ 59. Kh2 Qf2+ 60. Qg2 Qxa7 $16) 54... Kh7 $16) 53... g6 {[%emt 0:01:02] [#] Against f5} 54. Qb5 $2 (54. f5 $1 $18 {[%cal Rf5e6] and the rest is easy.} gxf5 55. g4 Qf6+ 56. Kg3) 54... Qf6+ (54... Kg8 $16 55. Qb8+ Kh7) 55. Kg4 Qe6+ 56. Kf3 {[%emt 0:00:05] Threatening mate with a7.} Qxh3 57. Qd5+ Kf6 58. Qd4+ (58. Kf2 $142 Qh2+ 59. Qg2 Qh5 60. Qc6+ Kf7 61. a7 Qa5 62. Qd7+ Kf6 63. Kf3 Qa3+ 64. Ke4) 58... Kf7 59. a7 {[%emt 0:00:54] Qd5+ would kill now.} Qh1+ 60. Ke2 (60. Ke3 $142 Qc6 61. Kd3) 60... Qg2+ 61. Kd3 Qf3+ 62. Kd2 (62. Kc4 $142 Qc6+ 63. Qc5 Qe4+ 64. Kb5 Qb7+ 65. Qb6 Qd5+ 66. Ka6 Qd3+ 67. Kb7 Qe4+ 68. Qc6 Qb4+ 69. Kc7 Qe7+ 70. Qd7) 62... Qg2+ 63. Kc3 {[%emt 0:00:21] White mates.} Qb7 64. Qc5 Kg7 65. Qe5+ Kh7 66. Qb8 Qf3+ 67. Kb4 Qe4+ {[%emt 0:00:11] [#]} 68. Ka5 $1 Qe1+ 69. Qb4 Qa1+ 70. Qa4 Qc3+ 71. Kb5 Qd3+ 72. Qc4 Qb1+ 73. Kc6 Qh1+ 74. Qd5 Qa1 75. Qd7+ Kg8 76. Qd8+ Kf7 77. a8=Q Qc3+ 78. Kb7 {[%emt 0:00:08] Weighted Error Value: White=0.37/Black=0.42} 1-0

[Event "Grandiscacchi GM Festival 2022"]
[Site "Montebelluna"]
[Date "2022.05.19"]
[Round "7.3"]
[White "Rozen, Eytan"]
[Black "Siddharth, Jagadeesh"]
[Result "1/2-1/2"]
[ECO "C42"]
[WhiteElo "2425"]
[BlackElo "2393"]
[Annotator "TA"]
[PlyCount "97"]
[EventDate "2022.05.17"]
[EventType "swiss"]
[EventCountry "ITA"]
[SourceTitle "playchess.com"]
[Source "ChessBase"]
[SourceQuality "1"]
[TimeControl "40/3600+30:1800+30"]

1. e4 e5 2. Nf3 Nf6 3. Nxe5 d6 4. Nf3 Nxe4 5. c4 Nc6 6. d3 {[%emt 0:00:10][%cal Bd2d3,Bd3d4,Bd4d5][%mdl 32] C42: Petroff Defence: 3 Nxe5 and unusual White 3rd moves.} Nf6 7. d4 $1 Be7 8. Nc3 O-O 9. d5 Ne5 10. Be2 Nxf3+ 11. Bxf3 Bf5 12. O-O Nd7 {[%emt 0:00:29] [#]} 13. Bg4 $146 ({Predecessor:} 13. Be4 Bxe4 14. Nxe4 Nc5 15. Nxc5 dxc5 16. Bf4 Bd6 17. Qd2 Bxf4 18. Qxf4 Qd6 19. Qxd6 cxd6 {½-½ (29) Smirin,I (2616)-Nguyen,T (2594) Terme Catez 2021}) 13... Bxg4 14. Qxg4 Bf6 15. Ne4 Re8 (15... Be5 $5 16. Ng5 h6 $11) 16. Nxf6+ {[%emt 0:04:07] The position is equal.} Nxf6 17. Qd4 Nd7 18. b3 Qf6 19. Qxf6 Nxf6 20. Be3 a5 21. Bd4 a4 22. f3 Nd7 23. Kf2 Nc5 24. Rfd1 {[%emt 0:02:47] Inhibits Nd3+.} axb3 25. Bxc5 {[%emt 0:00:14][%mdl 64] [#] Remove Defender} dxc5 (25... b2 $5 26. Rab1 dxc5 $11) 26. axb3 $11 {[%emt 0:00:09][%mdl 4096] Endgame KRR-KRR} Kf8 27. Re1 Red8 28. g4 Rxa1 29. Rxa1 {[%emt 0:00:01] KR-KR} Ke7 30. h4 Kd6 31. h5 c6 32. dxc6 Kxc6 33. Ke3 h6 34. f4 Re8+ 35. Kf3 f6 {[%emt 0:00:00] Prevents g5.} 36. Rd1 Re7 37. Rd8 Kc7 38. Rd5 Kc6 39. Rd8 Kc7 40. Rd5 Kc6 41. g5 Rd7 42. Rf5 Rd6 43. Kg4 b6 44. Rxf6 gxf6 45. gxh6 {[%emt 0:00:59] [#] And now Kf5 would win.} Rd8 {[%emt 0:06:04] ( -> ...Rh8)} 46. Kf5 Rh8 47. Kg6 {[%emt 0:00:29] aiming for Kg7.} Kd6 48. Kg7 Ke7 49. Kxh8 {[%emt 0:07:03] Not much happened in this game.  Weighted Error Value: White=0.02 (flawless) /Black=0.02 (flawless)} 1/2-1/2

[Event "Grandiscacchi GM Festival 2022"]
[Site "Montebelluna"]
[Date "2022.05.19"]
[Round "7.4"]
[White "Martinovici, Ilia"]
[Black "Kalogridis, Antonios"]
[Result "1-0"]
[ECO "D80"]
[WhiteElo "2408"]
[BlackElo "2306"]
[Annotator "TA"]
[PlyCount "85"]
[EventDate "2022.05.17"]
[EventType "swiss"]
[EventCountry "ITA"]
[SourceTitle "playchess.com"]
[Source "ChessBase"]
[SourceQuality "1"]
[TimeControl "40/3600+30:1800+30"]

1. d4 Nf6 2. c4 g6 3. Nc3 d5 4. h4 c5 5. cxd5 Nxd5 6. Na4 {[%emt 0:00:08] [#] D80: Grünfeld: Unusual White 4th moves and 4 Bg5.} Nf6 $146 ({Predecessor:} 6... Nc6 7. e4 Nb6 8. d5 Ne5 9. h5 Nxa4 10. Qxa4+ Bd7 11. Qa3 Qb6 12. Qc3 Qb4 13. Qxb4 cxb4 {1-0 (37) Carlsen,M (2847)-Vachier Lagrave,M (2751) chess24.com INT 2021}) 7. Nxc5 e5 8. e3 {[%emt 0:00:25][%cal Od4e5] The position is equal.} (8. dxe5 Qxd1+ 9. Kxd1 Bxc5 10. exf6 Bxf2 $15) 8... Nc6 9. Nb3 exd4 10. exd4 Bb4+ 11. Bd2 O-O 12. Bb5 (12. Be2 $1 $11) 12... Bxd2+ (12... Bg4 $6 13. f3 Be6 14. Ne2 $11) 13. Qxd2 Ne4 $1 14. Qd1 Re8 (14... Qf6 15. Nf3 $11 (15. Qf3 Qe7 $15)) 15. Ne2 {[%emt 0:00:00] Against Nc3} Qe7 ({Better is} 15... Bg4 $17 {Hoping for ...Nd6.} 16. O-O (16. Bxc6 $2 Nxf2 17. Kxf2 Rxe2+ 18. Qxe2 Bxe2 $19) 16... Nd6) 16. O-O $11 Qxh4 17. Rc1 Nf6 {[%emt 0:04:58] ( -> ...Ng4)} 18. Qd2 (18. Bxc6 Ng4 $1 19. Re1 Qh2+ 20. Kf1 Qh1+ 21. Ng1 Nh2#) 18... Qh5 (18... a6 $15 19. g3 (19. Bxc6 Rxe2 20. Qxe2 Ng4 $17) 19... Qh5) 19. Rc5 Ne4 20. Qe3 Bf5 21. Bxc6 {[%emt 0:00:00] Chess con chili.} bxc6 22. Re5 {[%emt 0:00:00] aiming for Ng3.} Qg4 (22... Qh4 $11 {and Black is okay.}) 23. f3 $18 Qg5 24. Qxe4 Bxe4 25. Rxg5 Bd3 26. Ng3 Bxf1 27. Kxf1 ({Much less strong is} 27. Nxf1 $6 f5 $16) 27... Re6 28. Re5 $2 (28. Rc5 $18 {is more deadly.}) 28... Rxe5 $16 29. dxe5 {[%emt 0:00:00] Black must now prevent Na5.} Rd8 {[%emt 0:00:02] [#]} (29... Re8 $16) 30. Ke2 $1 $18 g5 31. Ne4 h6 32. Na5 c5 (32... Rb8 33. b3 (33. Nxc6 Rxb2+ 34. Nd2 Rxa2 $11) 33... Rb6) 33. Nc6 {[%emt 0:00:00] White is clearly winning.} Ra8 34. Nxc5 Kg7 35. b4 Rc8 36. Nd4 a5 (36... Kg6 $142 37. Kd3 h5) 37. Nf5+ Kh7 38. Nd6 Rc7 39. a3 Re7 40. Nd3 axb4 41. axb4 f6 42. b5 {[%emt 0:00:00] White threatens b6 and mate.} fxe5 43. b6 {[%emt 0:00:06] Weighted Error Value: White=0.27 (precise) /Black=0.38} 1-0

[Event "Grandiscacchi GM Festival 2022"]
[Site "Montebelluna"]
[Date "2022.05.19"]
[Round "7.5"]
[White "Fishchuk, Vladyslav"]
[Black "Shahil Dey"]
[Result "0-1"]
[ECO "D79"]
[WhiteElo "2102"]
[BlackElo "2369"]
[Annotator "TA"]
[PlyCount "72"]
[EventDate "2022.05.17"]
[EventType "swiss"]
[EventCountry "ITA"]
[SourceTitle "playchess.com"]
[Source "ChessBase"]
[SourceQuality "1"]
[TimeControl "40/3600+30:1800+30"]

1. d4 Nf6 2. c4 c6 3. Nf3 d5 4. g3 g6 5. Bg2 Bg7 6. cxd5 cxd5 7. O-O O-O 8. Ne5 Nc6 9. Nc3 Bf5 10. Bf4 Rc8 {[%emt 0:06:04] D79: Fianchetto Grünfeld: Symmetrical Variation (6 0-0 c6 7 cxd5 cxd5).} 11. Nxc6 bxc6 12. Be5 {[%emt 0:02:41] [#]} h5 $146 {[%emt 0:00:57] The position is equal.} ({Predecessor:} 12... Ne4 13. Nxe4 Bxe5 14. dxe5 dxe4 15. Qa4 Qd5 16. Qxa7 Qxe5 17. Qe3 Rfd8 18. b4 Rd4 {½-½ (56) Sethuraman,S (2324)-Lu,M (2343) New York 2022}) 13. h4 Bh6 14. Bxf6 exf6 15. Na4 g5 16. e3 $1 Bg6 17. f4 gxh4 18. f5 $2 {[%emt 0:04:59] This move loses the game for White.} (18. gxh4 $11 {and White stays safe.} Re8 19. Qf3) 18... Bxe3+ $19 19. Kh1 {[%emt 0:00:03] And now Qd3 would win.} Bh7 (19... hxg3 20. Qd3 Bf2 21. fxg6 $11) 20. Qxh5 hxg3 21. Rf3 {[%emt 0:01:15] [#]} Bg5 $1 22. Rg1 (22. Qg4 $142) 22... Kg7 23. Bh3 Rh8 ({And not} 23... Qa5 24. Rfxg3 Bxf5 25. Rxg5+ (25. Bxf5 Rh8 $15) 25... fxg5 26. Qxg5+ (26. Bxf5 Rh8 $15) 26... Bg6 27. Qe5+ Kh7 28. Rxg6 (28. Bxc8 Be4+ 29. Rg2 Qe1+ 30. Kh2 Qh4+ 31. Kg1 Bxg2 $17) 28... fxg6 29. Qe7+ Kh6 30. Bxc8 $11) 24. Qg4 Qe7 {[%emt 0:04:25] Hoping for ...Qe2.} ({Worse is} 24... Qa5 25. Nc5) 25. Nc5 {[%emt 0:01:14] [#]} (25. Rfxg3 {was called for.} Rb8 26. a3) 25... Bxf5 $1 26. Qxf5 {[%emt 0:01:14] [#]} Rxh3+ 27. Qxh3 Rh8 {[%emt 0:00:19] Really sharp!} 28. Qxh8+ Kxh8 29. Rfxg3 Kg7 30. b3 Qe2 {[%emt 0:00:00] Black is clearly winning.} 31. a4 Kf8 32. Rh3 Qf2 33. Rd3 Bf4 34. Rh3 {[%emt 0:00:00] Prevents Qh2+.} Qxd4 35. Rh8+ Ke7 36. Re1+ Be5 {[%emt 0:00:00] Weighted Error Value: White=0.66/Black=0.13 (very precise)} 0-1

[Event "Grandiscacchi GM Festival 2022"]
[Site "Montebelluna"]
[Date "2022.05.19"]
[Round "8.2"]
[White "Siddharth, Jagadeesh"]
[Black "Jobava, Baadur"]
[Result "*"]
[ECO "A61"]
[WhiteElo "2393"]
[BlackElo "2600"]
[Annotator "TA"]
[PlyCount "65"]
[EventDate "2022.05.17"]
[EventType "swiss"]
[EventCountry "ITA"]
[SourceTitle "playchess.com"]
[Source "ChessBase"]
[SourceQuality "1"]
[TimeControl "40/3600+30:1800+30"]

1. d4 Nf6 2. c4 e6 3. Nf3 c5 4. d5 exd5 5. cxd5 d6 6. Nc3 g6 7. Bf4 Bg7 {[%emt 0:00:07] is now more promising than 7...a6.} 8. h3 {[%emt 0:00:31] A61: Modern Benoni: Nf3 without early e4.} O-O 9. e3 (9. e4 Re8 10. Nd2 Nxe4 11. Ncxe4 f5 $11) 9... Qe7 10. Be2 {[%emt 0:05:50] White has an edge.} Nbd7 11. O-O a6 12. a4 $1 {[%emt 0:00:06] Against b5} Rb8 13. Re1 Ne8 14. Nd2 Ne5 15. Bh2 Nc7 16. a5 (16. f4 $5 Nd7 17. e4 $16) 16... b5 17. axb6 $1 Rxb6 18. Qc2 {[%emt 0:01:05] [#]} Rb4 $146 ({Predecessor:} 18... Nb5 19. Nxb5 axb5 20. b4 cxb4 21. Qb3 Bb7 22. Ra7 Qd8 23. e4 Qb8 24. Ra2 Rc8 25. Qxb4 {1-0 (90) Mekhitarian,K (2554)-Bharath,S (2435) Chess.com INT 2021}) 19. b3 Nb5 {[%emt 0:03:10] [#] ...Nxc3 is the strong threat.} 20. Nxb5 (20. Na2 $14 Rh4 21. Bxb5 axb5 22. Nc3) 20... axb5 $11 21. Rad1 (21. Ra5 $11) 21... f5 $15 22. Bf1 g5 (22... Bb7 $15 23. e4 Qf7) 23. f4 $11 Nf7 24. Kh1 (24. Bd3 $11) 24... g4 $1 $15 25. hxg4 {[%emt 0:02:11] [#]} fxg4 (25... Nh6 $1 $17 26. g5 Ng4) 26. e4 h5 {[%emt 0:00:24] White should prevent ...h4.} 27. e5 $1 h4 (27... dxe5 $11 {remains equal.} 28. Qg6 Nh8 29. Qxh5 Bf5) 28. Qg6 (28. e6 $16 {And now Qg6 would win.} g3 29. Bg1 (29. exf7+ Qxf7 30. Bg1 Qxf4 $11) 29... Rxf4 30. Be3 (30. exf7+ Qxf7 31. Qd3 Qh5 $19) (30. Bxb5 $2 h3 $19)) 28... Nh8 $11 29. Qxd6 Qxd6 30. exd6 Nf7 31. Bg1 Bd4 32. Bxd4 ({Better is} 32. Ne4 $16 Bxg1 33. Kxg1) 32... Rxd4 33. Ne4 {Weighted Error Value: White=0.18 (very precise) /Black=0.22 (precise)} ({Much weaker is} 33. Bxb5 Nxd6 34. Bf1 Rxd5 $17) *